APP
GRAND JUNCTION ROCKIES @ OGDEN RAPTORS
08/27/2044
 
TOP OF THE 1ST
Grand Junction Rockies batting - Pitching for Ogden Raptors : RHP Cory Fischer
Pitching: RHP Cory Fischer
Batting: SHB Jamie Mims 0-0: Ball
1-0: Ball
2-0: Ball
3-0: Base on Balls
Batting: RHB John Boyer 0-0: Foul Ball, location: 2F
0-1: Ball
1-1: Ball
2-1: 2-RUN HOME RUN (Flyball, 7LD, EV 97.5 MPH), Distance : 364 ft
Batting: LHB Chris Salim 0-0: Called Strike
0-1: Foul Ball, location: 2F
0-2: Foul Ball, location: 2F
0-2: Ball
1-2: Foul Ball, location: 2F
1-2: Hit by Pitch
Batting: LHB Zack Guillen 0-0: Called Strike
0-1: Ball
1-1: Foul Ball, location: 2F
1-2: Fielders Choice at 2nd, 4-6 (Groundball, 4, EV 90.6 MPH)
Pitching: RHP Ian Wilson
Batting: LHB Luke Coulter 0-0: Ball
1-0: Ball
Wild Pitch!
Zack Guillen to second
2-0: Foul Ball, location: 2F
2-1: SINGLE (Groundball, 34S, EV 75.6 MPH) (infield hit)
Zack Guillen to third
Batting: LHB Harry Folsom 0-0: Ball
1-0: Ball
2-0: Ball
3-0: Called Strike
3-1: Base on Balls
Luke Coulter to second
Batting: RHB John Stevenson 0-0: Ball
1-0: Ball
Passed Ball!
Zack Guillen scores
Luke Coulter to third
Harry Folsom to second
2-0: Called Strike
2-1: Ball
3-1: SINGLE (Line Drive, 9LS, EV 106.9 MPH)
Luke Coulter scores
Harry Folsom to third
Batting: RHB Zakhar Edelman 0-0: Ball
1-0: Ball
2-0: Foul Ball, location: 2F
2-1: Ball
3-1: Foul Ball, location: 2F
3-2: Foul Ball, location: 2F
3-2: Foul Ball, location: 2F
3-2: Base on Balls
John Stevenson to second
Pitching: RHP Victor Delgado
Batting: RHB Keith Giarratano 0-0: Foul Ball, location: 2F
0-1: Ball
1-1: Ball
2-1: Fly out, F3 (Popup, 34, EV 66.3 MPH)
Batting: SHB Jamie Mims 0-0: Ball
1-0: Foul Ball, location: 2F
1-1: Ball
2-1: SINGLE (Line Drive, 89S, EV 92.5 MPH)
Harry Folsom scores
John Stevenson to third
Zakhar Edelman to second
Batting: RHB John Boyer 0-0: Swinging Strike
0-1: Ball
1-1: Ball
2-1: Foul Ball, location: 2F
2-2: SINGLE (Line Drive, 9LM, EV 105.0 MPH)
John Stevenson scores
Zakhar Edelman to third
Jamie Mims to second
Runner from 3rd tries for Home, SAFE, throw by RF to home
Batting: LHB Chris Salim 0-0: Called Strike
0-1: Ball
1-1: Ball
2-1: Ball
3-1: Called Strike
3-2: SINGLE (Groundball, 4MS, EV 70.0 MPH) (infield hit)
Jamie Mims to third
John Boyer to second
Pitching: RHP Charles Durand
Batting: LHB Zack Guillen 0-0: Swinging Strike
0-1: Called Strike
0-2: Ball
1-2: Strikes out swinging
Top of the 1st over - 7 runs, 6 hits, 0 errors, 3 left on base; Grand Junction 7 - Ogden 0
BOTTOM OF THE 1ST
Ogden Raptors batting - Pitching for Grand Junction Rockies : LHP Steve Gilliam
Pitching: LHP Steve Gilliam
Batting: SHB Darius Vinson 0-0: Swinging Strike
0-1: Foul Ball, location: 2F
0-2: Fly out, F7 (Line Drive, 7, EV 85.6 MPH)
Batting: LHB Santiago Chavira 0-0: Ball
1-0: Called Strike
1-1: Foul Ball, location: 2F
1-2: Foul Ball, location: 2F
1-2: Ball
2-2: Ball
3-2: Foul Ball, location: 2F
3-2: Foul Ball, location: 2F
3-2: Foul Ball, location: 2F
3-2: Strikes out looking
Batting: RHB Junro Kato 0-0: Called Strike
0-1: Foul Ball, location: 2F
0-2: Ball
1-2: Foul Ball, location: 2F
1-2: SOLO HOME RUN (Flyball, 78XD, EV 108.8 MPH), Distance : 426 ft
Pitching: RHP Jim Micaletti
Batting: LHB Mitchell Casey 0-0: Ball
1-0: Fly out, F7 (Flyball, 7LS, EV 86.9 MPH)
Bottom of the 1st over - 1 run, 1 hit, 0 errors, 0 left on base; Grand Junction 7 - Ogden 1
TOP OF THE 2ND
Grand Junction Rockies batting - Pitching for Ogden Raptors : RHP Charles Durand
Batting: LHB Luke Coulter 0-0: Called Strike
0-1: Foul Ball, location: 2F
0-2: Ball
1-2: Ball
2-2: SOLO HOME RUN (Flyball, 7D, EV 98.8 MPH), Distance : 394 ft
Batting: LHB Harry Folsom 0-0: Called Strike
0-1: Ball
1-1: SINGLE (Groundball, 34D, EV 108.1 MPH)
Batting: RHB John Stevenson 0-0: Ball
1-0: Called Strike
1-1: Foul Ball, location: 2F
1-2: Ball
2-2: Fielders Choice at 2nd, 4-6 (Groundball, 4, EV 90.0 MPH)
Batting: RHB Zakhar Edelman 0-0: Ball
1-0: Called Strike
1-1: Ball
2-1: Ball
3-1: Foul Ball, location: 2F
3-2: Base on Balls
John Stevenson to second
Pitching: RHP Ramon Luna
Batting: RHB Keith Giarratano 0-0: Ball
1-0: Swinging Strike
1-1: Foul Ball, location: 2F
1-2: Strikes out looking
Batting: SHB Jamie Mims 0-0: SINGLE (Flyball, 6D, EV 96.3 MPH)
John Stevenson to third
Zakhar Edelman to second
Runner from 3rd tries for Home, SAFE, throw by CF to home
Batting: RHB John Boyer 0-0: Called Strike
0-1: Swinging Strike
0-2: Ball
1-2: Strikes out swinging
Top of the 2nd over - 2 runs, 3 hits, 0 errors, 2 left on base; Grand Junction 9 - Ogden 1
BOTTOM OF THE 2ND
Ogden Raptors batting - Pitching for Grand Junction Rockies : RHP Jim Micaletti
Batting: LHB Mike Dickinson 0-0: Foul Ball, location: 2F
0-1: Ball
1-1: Called Strike
1-2: Strikes out looking
Batting: RHB Gary Ming 0-0: SINGLE (Line Drive, 9S, EV 106.9 MPH)
Batting: RHB Kevin Ezell 0-0: Called Strike
0-1: Fly out, F8 (Flyball, 89M, EV 93.8 MPH)
Batting: RHB Charles Blatchford 0-0: Called Strike
0-1: Ground out 4-3 (Groundball, 4, EV 102.5 MPH)
Bottom of the 2nd over - 0 runs, 1 hit, 0 errors, 1 left on base; Grand Junction 9 - Ogden 1
TOP OF THE 3RD
Grand Junction Rockies batting - Pitching for Ogden Raptors : RHP Ramon Luna
Batting: LHB Chris Salim 0-0: Ball
1-0: Ball
2-0: Ball
3-0: Called Strike
3-1: Base on Balls
Batting: LHB Zack Guillen 0-0: Ball
1-0: Called Strike
1-1: Ball
2-1: Ball
3-1: Base on Balls
Chris Salim to second
Pitching: RHP Justin Donovan
Batting: LHB Luke Coulter 0-0: Called Strike
0-1: Fly out, F9 (Flyball, 9LS, EV 91.3 MPH)
Batting: LHB Harry Folsom 0-0: Fielders Choice at 2nd, 4-6 (Groundball, 34, EV 91.9 MPH)
Chris Salim to third
Batting: RHB John Stevenson 0-0: Ball
1-0: Ball
2-0: Ball
3-0: Called Strike
3-1: SINGLE (Line Drive, 9S, EV 107.5 MPH)
Chris Salim scores
Harry Folsom to second
Batting: RHB Zakhar Edelman 0-0: Foul Ball, location: 2F
0-1: Ball
1-1: Foul Ball, location: 2F
1-2: Ball
2-2: Foul Ball, location: 2F
2-2: Ball
3-2: SINGLE (Line Drive, 6D, EV 94.4 MPH)
Harry Folsom to third
John Stevenson to second
Harry Folsom scores
John Stevenson to third
Batting: RHB Keith Giarratano 0-0: Ball
1-0: Called Strike
1-1: Ball
2-1: Ball
3-1: Base on Balls
Zakhar Edelman to second
Pitching: RHP Matt Alderson
Batting: SHB Jamie Mims 0-0: Ball
1-0: Foul Ball, location: 2F
1-1: Foul Ball, location: 2F
1-2: Foul Ball, location: 2F
1-2: Foul Ball, location: 2F
1-2: SINGLE (Groundball, 6MS, EV 77.5 MPH) (infield hit)
John Stevenson scores
Zakhar Edelman to third
Keith Giarratano to second
Batting: RHB John Boyer 0-0: Ball
1-0: Foul Ball, location: 2F
1-1: Called Strike
1-2: Foul Ball, location: 2F
Balk!
Zakhar Edelman scores
Keith Giarratano to third
Jamie Mims to second
1-2: Foul Ball, location: 2F
1-2: Ball
2-2: Ball
3-2: Base on Balls
Batting: LHB Chris Salim 0-0: Ball
1-0: Foul Ball, location: 2F
1-1: Called Strike
1-2: Ball
2-2: Foul Ball, location: 2F
2-2: Fly out, F7 (Flyball, 7S, EV 97.5 MPH)
Top of the 3rd over - 4 runs, 3 hits, 0 errors, 3 left on base; Grand Junction 13 - Ogden 1
BOTTOM OF THE 3RD
Ogden Raptors batting - Pitching for Grand Junction Rockies : RHP Jim Micaletti
Batting: SHB Josh Vaill 0-0: SINGLE (Line Drive, 8LS, EV 103.8 MPH)
Batting: SHB Darius Vinson 0-0: Ball
1-0: Ball
2-0: Ball
3-0: Base on Balls
Josh Vaill to second
Batting: LHB Santiago Chavira 0-0: Ball
1-0: Foul Ball, location: 2F
1-1: Ball
2-1: Ball
3-1: Called Strike
3-2: Strikes out swinging
Pitching: RHP Willie Benito
Batting: RHB Junro Kato 0-0: Ball
1-0: Fly out, F5 (Line Drive, 5, EV 72.5 MPH)
Batting: LHB Mitchell Casey 0-0: Ball
1-0: Called Strike
1-1: Ball
2-1: Ball
3-1: Base on Balls
Josh Vaill to third
Darius Vinson to second
Batting: LHB Mike Dickinson 0-0: Ball
1-0: Called Strike
1-1: Foul Ball, location: 2F
1-2: Ball
2-2: Fly out, F3 (Popup, 3L, EV 72.5 MPH)
Bottom of the 3rd over - 0 runs, 1 hit, 0 errors, 3 left on base; Grand Junction 13 - Ogden 1
TOP OF THE 4TH
Grand Junction Rockies batting - Pitching for Ogden Raptors : RHP Matt Alderson
Pitching: LHP Tore Bosch
Batting: LHB Zack Guillen 0-0: Called Strike
0-1: Ball
1-1: SINGLE (Line Drive, 9LS, EV 110.0 MPH)
Batting: LHB Luke Coulter 0-0: Called Strike
0-1: SINGLE (Groundball, 13S, EV 68.1 MPH) (infield hit)
Zack Guillen to second
Batting: LHB Harry Folsom 0-0: Called Strike
0-1: Ball
1-1: Grounds into double play, 6-4-3 (Groundball, 6, EV 85.0 MPH)
Zack Guillen to third
Batting: RHB John Stevenson 0-0: Called Strike
0-1: Ball
1-1: Ball
2-1: Ball
3-1: Foul Ball, location: 2F
3-2: Base on Balls
Batting: RHB Zakhar Edelman 0-0: Ball
1-0: Foul Ball, location: 2F
1-1: Swinging Strike
1-2: Ball
2-2: Ball
3-2: Base on Balls
John Stevenson to second
Pitching: RHP Luis Hinostroza
Batting: RHB Keith Giarratano 0-0: Ball
1-0: Ball
2-0: Ball
3-0: Base on Balls
Zack Guillen scores
John Stevenson to third
Zakhar Edelman to second
Batting: SHB Jamie Mims 0-0: Fly out, F4 (Popup, 23, EV 90.0 MPH)
Top of the 4th over - 1 run, 2 hits, 0 errors, 3 left on base; Grand Junction 14 - Ogden 1
BOTTOM OF THE 4TH
Ogden Raptors batting - Pitching for Grand Junction Rockies : RHP Willie Benito
Batting: RHB Gary Ming 0-0: Called Strike
0-1: Fly out, F8 (Flyball, 8RS, EV 90.0 MPH)
Batting: RHB Kevin Ezell 0-0: Swinging Strike
0-1: Ball
1-1: Foul Ball, location: 2F
1-2: Foul Ball, location: 2F
1-2: Foul Ball, location: 2F
1-2: Reached on error, E6 (Groundball, P, EV 86.3 MPH)
Batting: RHB Charles Blatchford 0-0: Called Strike
0-1: SINGLE (Groundball, 6MD, EV 98.8 MPH)
Kevin Ezell to second
Batting: SHB Josh Vaill 0-0: Ball
1-0: Fly out, F6 (Line Drive, 6, EV 71.9 MPH)
Lined into DP, 6-4 (Line Drive, 6, EV 68.1 MPH)
Bottom of the 4th over - 0 runs, 1 hit, 1 error, 1 left on base; Grand Junction 14 - Ogden 1
TOP OF THE 5TH
Grand Junction Rockies batting - Pitching for Ogden Raptors : RHP Luis Hinostroza
Batting: RHB John Boyer 0-0: Ball
1-0: Foul Ball, location: 2F
1-1: SOLO HOME RUN (Flyball, 9LD, EV 96.3 MPH), Distance : 343 ft
Batting: LHB Chris Salim 0-0: Ball
1-0: SINGLE (Flyball, 6MD, EV 88.1 MPH)
Batting: LHB Zack Guillen 0-0: Ball
1-0: Fly out, F7 (Flyball, 7LS, EV 78.1 MPH)
Batting: LHB Luke Coulter 0-0: Fly out, F4 (Line Drive, 4, EV 66.9 MPH)
Batting: LHB Harry Folsom 0-0: Ball
1-0: Ball
2-0: Ball
3-0: Called Strike
3-1: Called Strike
3-2: Foul Ball, location: 2F
3-2: DOUBLE (Line Drive, 7LS, EV 112.5 MPH)
Chris Salim to third
Chris Salim scores
Pitching: RHP Bob Magana
Batting: RHB John Stevenson 0-0: Ball
1-0: Ball
2-0: Ball
3-0: Base on Balls
Batting: RHB Zakhar Edelman 0-0: Ball
1-0: Called Strike
1-1: Foul Ball, location: 2F
1-2: SINGLE (Flyball, 89S, EV 96.9 MPH)
Harry Folsom to third
John Stevenson to second
Runner from 3rd tries for Home, SAFE, throw by CF to home
Batting: RHB Keith Giarratano 0-0: Called Strike
0-1: Ball
Wild Pitch!
John Stevenson to third
Zakhar Edelman to second
1-1: Ball
2-1: Foul Ball, location: 2F
2-2: Ball
3-2: DOUBLE (Flyball, 8LXD, EV 100.0 MPH)
John Stevenson scores
Zakhar Edelman scores
Batting: SHB Jamie Mims 0-0: Called Strike
0-1: Reached on error, E4 (Groundball, 4, EV 98.1 MPH)
Keith Giarratano to third
Batting: RHB John Boyer 0-0: Ball
1-0: Ball
Balk!
Keith Giarratano scores
Jamie Mims to second
2-0: Swinging Strike
2-1: Ball
3-1: Foul Ball, location: 2F
3-2: Base on Balls
Batting: LHB Chris Salim 0-0: Called Strike
0-1: Ball
1-1: Ball
2-1: Ball
Wild Pitch!
Jamie Mims to third
John Boyer to second
3-1: Swinging Strike
3-2: Foul Ball, location: 2F
3-2: Base on Balls
Batting: LHB Zack Guillen 0-0: Ball
1-0: Called Strike
1-1: Ball
2-1: Ball
Balk!
Jamie Mims scores
John Boyer to third
Chris Salim to second
3-1: Base on Balls
Batting: LHB Luke Coulter 0-0: GRAND SLAM HOME RUN (Flyball, 89XD, EV 106.3 MPH), Distance : 422 ft
Batting: LHB Harry Folsom 0-0: Foul Ball, location: 2F
0-1: Foul Ball, location: 2F
0-2: TRIPLE (Flyball, 9D, EV 105.0 MPH)
Batting: RHB John Stevenson 0-0: Ball
1-0: Foul Ball, location: 2F
1-1: Swinging Strike
1-2: Foul Ball, location: 2F
1-2: Ball
2-2: Ball
3-2: Foul Ball, location: 2F
3-2: Base on Balls
Batting: RHB Zakhar Edelman 0-0: Ball
1-0: Swinging Strike
1-1: Ball
2-1: Ball
3-1: Base on Balls
John Stevenson to second
Batting: RHB Keith Giarratano 0-0: Ball
Wild Pitch!
Harry Folsom scores
John Stevenson to third
Zakhar Edelman to second
1-0: Foul Ball, location: 2F
1-1: 3-RUN HOME RUN (Flyball, 9D, EV 98.1 MPH), Distance : 382 ft
Batting: SHB Jamie Mims 0-0: Ground out 4-3 (Groundball, 4M, EV 106.9 MPH)
Top of the 5th over - 15 runs, 8 hits, 1 error, 0 left on base; Grand Junction 29 - Ogden 1
BOTTOM OF THE 5TH
Ogden Raptors batting - Pitching for Grand Junction Rockies : RHP Willie Benito
Batting: SHB Darius Vinson 0-0: Ball
1-0: Ball
2-0: Called Strike
2-1: Reached on error, E3 (Groundball, 34, EV 81.3 MPH)
Batting: LHB Santiago Chavira 0-0: Ball
Darius Vinson steals 2nd base
1-0: Ball
2-0: Ball
Wild Pitch!
Darius Vinson to third
3-0: Called Strike
3-1: Foul Ball, location: 2F
3-2: Foul Ball, location: 2F
3-2: SINGLE (Groundball, 4D, EV 103.1 MPH)
Darius Vinson scores
Batting: RHB Junro Kato 0-0: Ball
1-0: Grounds into double play, 4-6-3 (Groundball, 34, EV 88.8 MPH)
Batting: LHB Mitchell Casey 0-0: Fly out, F7 (Flyball, 7LS, EV 87.5 MPH)
Bottom of the 5th over - 1 run, 1 hit, 1 error, 0 left on base; Grand Junction 29 - Ogden 2
TOP OF THE 6TH
Grand Junction Rockies batting - Pitching for Ogden Raptors : RHP Bob Magana
Batting: RHB John Boyer 0-0: Fly out, F8 (Flyball, 8LD, EV 96.9 MPH)
Batting: LHB Chris Salim 0-0: Ball
1-0: Ball
2-0: Ball
3-0: Base on Balls
Batting: LHB Zack Guillen 0-0: Ball
1-0: Ball
2-0: Ball
3-0: Base on Balls
Chris Salim to second
Batting: LHB Luke Coulter 0-0: Ball
Wild Pitch!
Chris Salim to third
Zack Guillen to second
1-0: Called Strike
1-1: Ground out U3 (Groundball, 3, EV 92.5 MPH)
Batting: LHB Harry Folsom 0-0: Ground out 1-3 (Groundball, 15S, EV 64.4 MPH)
Top of the 6th over - 0 runs, 0 hits, 0 errors, 2 left on base; Grand Junction 29 - Ogden 2
BOTTOM OF THE 6TH
Ogden Raptors batting - Pitching for Grand Junction Rockies : RHP Willie Benito
Batting: LHB Mike Dickinson 0-0: Ball
1-0: Ball
2-0: Called Strike
2-1: Ball
3-1: Base on Balls
Batting: RHB Gary Ming 0-0: Ball
Wild Pitch!
Mike Dickinson to second
1-0: Ball
2-0: Ground out U3 (Groundball, 3, EV 108.8 MPH)
Mike Dickinson to third
Pitching: RHP T.J. Williams
Batting: RHB Kevin Ezell 0-0: 2-RUN HOME RUN (Flyball, 7LD, EV 90.0 MPH), Distance : 346 ft
Batting: RHB Charles Blatchford 0-0: Foul Ball, location: 2F
0-1: Ball
1-1: Fly out, F9 (Flyball, 9LM, EV 97.5 MPH)
Batting: SHB Josh Vaill 0-0: Called Strike
0-1: Ground out 6-3 (Groundball, 6, EV 110.0 MPH)
Bottom of the 6th over - 2 runs, 1 hit, 0 errors, 0 left on base; Grand Junction 29 - Ogden 4
TOP OF THE 7TH
Grand Junction Rockies batting - Pitching for Ogden Raptors : RHP Bob Magana
Batting: RHB John Stevenson 0-0: Called Strike
0-1: Ball
1-1: Ball
2-1: Ball
3-1: Base on Balls
Batting: RHB Zakhar Edelman 0-0: DOUBLE (Line Drive, 7LM, EV 108.8 MPH)
John Stevenson to third
Batting: RHB Keith Giarratano 0-0: Foul Ball, location: 2F
0-1: Ball
1-1: Foul Ball, location: 2F
1-2: DOUBLE (Line Drive, 78D, EV 105.6 MPH)
John Stevenson scores
Zakhar Edelman scores
Batting: SHB Jamie Mims 0-0: Fly out, F9 (Flyball, 9, EV 82.5 MPH)
Batting: RHB John Boyer 0-0: Ball
1-0: Called Strike
1-1: Foul Ball, location: 2F
1-2: Ball
Wild Pitch!
Keith Giarratano to third
Balk!
Keith Giarratano scores
2-2: Ball
3-2: Base on Balls
Batting: LHB Chris Salim Balk!
John Boyer to second
0-0: SINGLE (Groundball, 4D, EV 105.6 MPH)
John Boyer to third
Runner from 3rd tries for Home, throw by CF and OUT! 8-2
Batting: LHB Zack Guillen 0-0: Fly out, F4 (Popup, 34S, EV 86.3 MPH)
Top of the 7th over - 3 runs, 3 hits, 0 errors, 1 left on base; Grand Junction 32 - Ogden 4
BOTTOM OF THE 7TH
Ogden Raptors batting - Pitching for Grand Junction Rockies : RHP T.J. Williams
Batting: SHB Darius Vinson 0-0: Ball
1-0: Ball
2-0: Called Strike
2-1: Foul Ball, location: 2F
2-2: Ball
3-2: Ground out 3-1 (Groundball, 34S, EV 73.1 MPH)
Batting: LHB Santiago Chavira 0-0: Swinging Strike
0-1: Ball
1-1: Fly out, F5 (Line Drive, 5, EV 71.3 MPH)
Batting: RHB Junro Kato 0-0: Ball
1-0: Called Strike
1-1: Ground out 6-3 (Groundball, 6, EV 90.6 MPH)
Bottom of the 7th over - 0 runs, 0 hits, 0 errors, 0 left on base; Grand Junction 32 - Ogden 4
TOP OF THE 8TH
Grand Junction Rockies batting - Pitching for Ogden Raptors : RHP Bob Magana
Pinch Hitting: LHB Jason Ryan 0-0: Ground out 5-3 (Groundball, 56, EV 78.8 MPH)
Batting: LHB Harry Folsom 0-0: Ball
1-0: Ball
2-0: Ball
3-0: Called Strike
3-1: Foul Ball, location: 2F
3-2: Foul Ball, location: 2F
3-2: Fly out, F9 (Flyball, 9S, EV 89.4 MPH)
Batting: RHB John Stevenson 0-0: Ball
1-0: DOUBLE (Line Drive, 9LM, EV 102.5 MPH)
Batting: RHB Zakhar Edelman 0-0: Foul Ball, location: 2F
0-1: Foul Ball, location: 2F
0-2: Fly out, F7 (Flyball, 7S, EV 86.3 MPH)
Top of the 8th over - 0 runs, 1 hit, 0 errors, 1 left on base; Grand Junction 32 - Ogden 4
BOTTOM OF THE 8TH
Ogden Raptors batting - Pitching for Grand Junction Rockies : RHP T.J. Williams
Now at 1B: Jason Ryan
Batting: LHB Mitchell Casey 0-0: Called Strike
0-1: Called Strike
0-2: Fly out, F8 (Flyball, 89M, EV 92.5 MPH)
Batting: LHB Mike Dickinson 0-0: Ball
1-0: Ball
2-0: Fly out, F8 (Flyball, 8RD, EV 89.4 MPH)
Batting: RHB Gary Ming 0-0: Called Strike
0-1: Called Strike
0-2: Ground out 5-3 (Groundball, 56, EV 89.4 MPH)
Bottom of the 8th over - 0 runs, 0 hits, 0 errors, 0 left on base; Grand Junction 32 - Ogden 4
TOP OF THE 9TH
Grand Junction Rockies batting - Pitching for Ogden Raptors : RHP Bob Magana
Batting: RHB Keith Giarratano 0-0: Foul Ball, location: 2F
0-1: Fly out, F7 (Line Drive, 7D, EV 96.9 MPH)
Batting: SHB Jamie Mims 0-0: Fly out, F7 (Flyball, 78M, EV 92.5 MPH)
Batting: RHB John Boyer 0-0: Fly out, F6 (Flyball, 4MD, EV 95.6 MPH)
Top of the 9th over - 0 runs, 0 hits, 0 errors, 0 left on base; Grand Junction 32 - Ogden 4
BOTTOM OF THE 9TH
Ogden Raptors batting - Pitching for Grand Junction Rockies : RHP T.J. Williams
Batting: RHB Kevin Ezell 0-0: Called Strike
0-1: Swinging Strike
0-2: Ball
1-2: Ball
2-2: Fly out, F8 (Flyball, 78D, EV 87.5 MPH)
Batting: RHB Charles Blatchford 0-0: Ground out 6-3 (Groundball, 6, EV 92.5 MPH)
Batting: SHB Josh Vaill 0-0: Ball
1-0: Ball
2-0: Called Strike
2-1: Ball
3-1: Foul Ball, location: 2F
3-2: Ground out 6-3 (Groundball, 6D, EV 109.4 MPH)
Bottom of the 9th over - 0 runs, 0 hits, 0 errors, 0 left on base; Grand Junction 32 - Ogden 4
Thursday, March 31st , 2022 - OOTP Baseball 22.12 Build 89